Description

Mech is coming soon!

Replay - AiLillekanin v SortOf: Game 2 - Apotheosis LE

Build Order

Get SALT Encoding   

  12  0:00  SCV  
  13  0:13  SCV  
  14  0:17  Supply Depot  
  14  0:25  SCV  
  15  0:29  Refinery  
  15  0:39  SCV  
  16  0:45  Barracks  
  16  0:51  SCV  
  17  1:03  SCV  
  18  1:15  SCV  
  19  1:34  Orbital Command  
  19  1:35  Reaper  
  20  1:46  Command Center  
  20  1:57  Factory  
  20  1:59  SCV  
  21  2:07  Barracks Reactor  
  21  2:11  Supply Depot  
  21  2:12  SCV  
  22  2:20  Refinery  
  22  2:24  SCV  
  23  2:37  SCV  
  24  2:49  SCV  
  25  2:58  Orbital Command  
  24  3:01  Starport, SCV  
  24  3:03  Hellion x2  
  29  3:06  Barracks Tech Lab  
  29  3:13  SCV  
  29  3:15  Supply Depot  
  30  3:24  Hellion x2, SCV  
  35  3:27  SCV  
  36  3:36  SCV  
  36  3:39  SCV  
  38  3:44  Viking  
  38  3:48  SCV  
  41  3:51  SCV  
  42  3:59  Command Center  
  42  4:00  SCV  
  43  4:03  SCV  
  43  4:07  Supply Depot  
  44  4:12  SCV  
  44  4:14  Medivac  
  44  4:15  SCV  
  48  4:18  Hellion  
  48  4:20  Hellion  
  52  4:29  SCV  
  52  4:30  SCV  
  54  4:31  Factory  
  54  4:33  Supply Depot  
  54  4:35  Refinery  
  54  4:41  SCV  
  54  4:42  Armory, SCV  
  56  4:52  Armory  
  56  4:53  SCV  
  56  4:54  SCV  
  56  4:57  Refinery  
  58  5:01  Starport Reactor  
  58  5:05  SCV  
  58  5:06  SCV  
  60  5:09  Supply Depot  
  60  5:12  Hellion x2  
  64  5:16  Orbital Command  
  64  5:20  SCV  
  65  5:25  Liberator  
  65  5:33  Infernal Pre-Igniter  
  67  5:35  Hellion  
  67  5:37  Hellion x2  
  67  5:41  Factory x2  
  74  5:45  SCV  
  74  5:47  Orbital Command  
  73  5:52  SCV  
  74  5:57  Factory, SCV  
  74  6:02  Cyclone  
  79  6:11  Supply Depot  
  79  6:12  Terran Vehicle Weapons Level 1  
  79  6:13  Engineering Bay  
  79  6:20  Terran Vehicle And Ship Armor Level 1  
  79  6:24  Hellion x2  
  79  6:25  Supply Depot  
  83  6:26  Supply Depot  
  83  6:34  Liberator  
  82  6:43  SCV  
  82  6:45  SCV x2  
  77  6:47  Factory Tech Lab  
  77  6:48  Factory Tech Lab  
  78  6:56  SCV  
  78  7:00  SCV  
  78  7:01  SCV  
  75  7:07  Cyclone x3  
  83  7:09  Hellion x2  
  83  7:10  SCV  
  83  7:15  Factory Tech Lab  
  84  7:16  Refinery  
  84  7:19  Mag-Field Accelerator  
  84  7:25  Refinery  
  84  7:27  SCV  
  85  7:34  Supply Depot  
  85  7:35  Supply Depot  
  85  7:37  Missile Turret  
  85  7:38  Missile Turret  
  85  7:39  Cyclone  
  85  7:43  Siege Tank  
  91  7:53  Siege Tank  
  91  7:54  Hellion x2  
  98  8:02  Liberator  
  98  8:03  Cyclone  
  99  8:06  Liberator  
  99  8:11  Cyclone  
  103  8:15  Hellion x2  
  110  8:24  Command Center  
  110  8:26  SCV  
  114  8:32  Terran Vehicle Weapons Level 2  
  114  8:36  Missile Turret  
  114  8:38  SCV x3  
  115  8:43  Terran Vehicle And Ship Armor Level 2  
  115  8:50  Cyclone, SCV x2  
  115  8:51  Hellion  
  115  8:53  Supply Depot  
  123  8:58  Liberator  
  127  9:06  Hellion, Cyclone  
  133  9:15  Hellion, SCV  
  133  9:16  Supply Depot  
  139  9:17  Supply Depot  
  139  9:19  Liberator  
  139  9:21  Cyclone  
  139  9:22  Supply Depot  
  139  9:24  Hellion, Starport  
  141  9:28  Hellion  
  139  9:36  Hellion, Siege Tank  
  149  9:38  Hellion  
  149  9:39  Supply Depot  
  149  9:41  Supply Depot  
  149  9:45  Hellion  
  151  9:46  SCV x2  
  151  9:52  Missile Turret  
  153  9:53  Cyclone  
Spawning Tool Build Advisor. Get it on Overwolf

Go to:

Details

  • Created by: PeterLiu
  • Published on: Sep 06, 2016
  • Modified on: Sep 06, 2016
  • Patch: Pre-3.8.0
Show
View Real Time Build Order
Export as new Build Order

Comments (0)

There are no comments. Be the first!

Create an account to comment!